 Dungeon Crawl Stone Soup version 0.30-a0-719-gcc4359ea44 (webtiles) character file.

Game seed: 17100903148924121926

5369 Dirtsage the Transmogrifier (level 10, -8/68 HPs)
             Began as an Octopode Transmuter on Jan 26, 2023.
             Killed from afar by an efreet (19 damage)
             ... with a fireball
             ... on level 8 of the Dungeon.
             The game lasted 00:19:53 (8388 turns).

Dirtsage the Transmogrifier (Octopode Transmuter)   Turns: 8388, Time: 00:19:54

Health: -8/68      AC:  5    Str: 11    XL:     10   Next: 65%
Magic:  0/32       EV: 13    Int: 25    God:
Gold:   574        SH:  0    Dex: 12    Spells: 3/13 levels left

rFire   . . .      SeeInvis .      - Unarmed
rCold   . . .      Faith    .    (no shield)
rNeg    . . .      Spirit   +    (helmet currently unavailable)
rPois   .          Reflect  .    s - amulet of guardian spirit
rElec   .          Harm     .    f - +4 ring of protection
rCorr   +          Rampage  .    C - ring of resist corrosion
Will    .....                    v - ring of magical power
Stlth   ++                       w - +6 ring of intelligence
HPRegen 0.31/turn                G - ring of magical power
MPRegen 0.23/turn                L - ring of flight
                                 (no ring)
                                 (no ring)

@: appendages, flying
A: tentacle spike 3, almost no armour, amphibious, 8 rings, camouflage 1,
gelatinous body 1, (nimble swimmer 1), tentacles
a: End Transformation


You were on level 8 of the Dungeon.
One of your tentacles had grown a beastly spike.
You visited 2 branches of the dungeon, and saw 9 of its levels.
You also visited: Ossuary.

You collected 574 gold pieces.

Inventory:

Missiles
 E - 2 curare-tipped darts
Jewellery
 f - a +4 ring of protection (left tentacle)
 s - an amulet of guardian spirit (around mantle)
 v - a ring of magical power (on tentacle)
 w - a +6 ring of intelligence (on tentacle)
 C - a ring of resist corrosion (right tentacle)
 G - a ring of magical power (on tentacle)
 L - a ring of flight (on tentacle)
Wands
 r - a wand of iceblast (11)
 x - a wand of charming (9)
 B - a wand of polymorph (8)
 D - a wand of digging (6)
Scrolls
 b - 6 scrolls of amnesia
 e - a scroll of fog
 g - 3 scrolls of vulnerability {unknown}
 i - 7 scrolls of identify
 l - 2 scrolls of enchant armour
 n - 2 scrolls of enchant weapon
 q - 5 scrolls of magic mapping
 t - 4 scrolls of teleportation
 y - a scroll of poison {unknown}
 F - 2 scrolls of blinking {unknown}
 H - a scroll of noise {unknown}
 K - 2 scrolls of immolation {unknown}
 M - a scroll of summoning {unknown}
Potions
 a - 2 potions of attraction
 c - 6 potions of might {unknown}
 d - 2 potions of heal wounds {unknown}
 h - 2 potions of magic {unknown}
 j - a potion of haste {unknown}
 k - 2 potions of lignification
 m - 5 potions of curing {unknown}
 o - a potion of resistance {unknown}
 p - a potion of degeneration {unknown}
 u - a potion of flight {unknown}
 z - 2 potions of brilliance {unknown}
 A - a potion of ambrosia {unknown}
 I - a potion of mutation {unknown}
 J - a potion of berserk rage {unknown}


   Skills:
 + Level 5.9 Fighting
 - Level 2.0 Dodging
 * Level 7.0 Unarmed Combat
 - Level 2.0 Spellcasting
 - Level 8.0 Transmutations
 - Level 8.0 Ice Magic
 - Level 5.7 Invocations
 + Level 3.6 Evocations


You had 3 spell levels left.
You knew the following spells:

 Your Spells              Type           Power      Damage    Failure   Level
a - Beastly Appendage     Tmut           84%        N/A       1%          1
b - Wereblood             Tmut           42%        N/A       1%          2
c - Ice Form              Ice/Tmut       42%        N/A       4%          4
d - Hailstorm             Conj/Ice       22%        3d7       6%          3

Your spell library contained the following spells:

 Spells                   Type           Power      Damage    Failure   Level
 Passwall                 Tmut/Erth      18%        N/A       3%          2
 Spider Form              Tmut/Pois      22%        N/A       6%          3
 Sandblast                Erth           4%         2d4       11%         1
 Gell's Gravitas          Tloc           2%         N/A       32%         3
 Stone Arrow              Conj/Erth      4%         3d7       32%         3
 Teleport Other           Tloc           2%         N/A       32%         3
 Simulacrum               Ice/Necr       11%        N/A       97%         6
 Dispersal                Tloc           1%         N/A       100%        6


Dungeon Overview and Level Annotations

Branches:
Dungeon (8/15)             Temple (1/1) D:4         Ossuary (visited)
   Lair: D:8-11

Altars:
Ashenzari
Cheibriados
Dithmenos
Fedhas
Gozag
Hepliaklqana
Kikubaaqudgha
Nemelex Xobeh
Sif Muna
Trog
Uskayaw
Vehumet
Wu Jian
Zin

Annotations:
D:5 1 runed translucent door, Crazy Yiuf
D:7 2 transporters, Anon1729's ghost, novice MfMo


Innate Abilities, Weirdness & Mutations

One of your tentacles has grown a beastly spike.
You cannot wear most types of armour.
You are amphibious.
You can wear up to eight rings at the same time.
Your skin changes colour to match your surroundings (Stealth+).
Your rubbery body absorbs attacks. (AC +1, EV +1)
((You are camouflaged when in or above water. (Stealth+)))
You have tentacles for arms and can constrict up to eight enemies at once.


Message History

The mass of ice explodes!
The iceblast engulfs the efreet!
The efreet is frozen!
The efreet is moderately wounded.
The efreet gestures at you.
The fireball explodes!
The fireball engulfs you!!
You take 13 damage, and have 55/68 hp.
You now have 26/32 mp.
You tentacle-slap the efreet but do no damage.
Your tentacle spike misses the efreet.
The efreet is moderately wounded.
The efreet hits you with a +0 scimitar of flaming!
The efreet burns you.
You take 11 damage, and have 44/68 hp.
You now have 21/32 mp.
You barely miss the efreet.
The efreet is moderately wounded.
You tentacle-slap the efreet.
The efreet is heavily wounded.
The efreet gestures at you.
The fireball explodes!
The fireball engulfs you!!
The fireball engulfs the efreet.
The efreet completely resists.
You take 15 damage, and have 29/68 hp.
MASSIVE DAMAGE!!
You now have 13/32 mp.
You tentacle-slap the efreet but do no damage.
You pierce the efreet, but do no damage.
The efreet is heavily wounded.
The efreet gestures at you. The bolt of fire hits you!!
* * * LOW HITPOINT WARNING * * *
You take 19 damage, and have 10/68 hp.
MASSIVE DAMAGE!!
You now have 5/32 mp.
You tentacle-slap the efreet but do no damage.
The efreet is moderately wounded.
The efreet misses you.
You bludgeon the efreet!
Your tentacle spike misses the efreet.
Your squeeze misses the efreet.
The efreet is severely wounded.
The efreet completely misses you.
You tentacle-slap the efreet.
You squeeze the efreet, but do no damage.
The efreet is severely wounded.
The efreet gestures at you.
The fireball explodes!
The fireball engulfs you!!
You die...

#....#...........[......
##....#....(...)..##...##
#...........#......#...##
#.#########.#.####.......
#.#.......#.>.#######.###
#....##.########.........
###..##........#.#.######
#..........#.#.#....###
#...#.@R...#.#.####.#..
#...#.####.#.#.####.##.
##......#..○☼#......##.
####<#.#..###########.
####.#.#......))......
..........###.########
.........####.......#.
.........[..........#.
####.###.###........#.


You could see an efreet.

Vanquished Creatures
  A catoblepas (D:8)
  Pikel (D:7)
  Joseph (D:7)
  Sigmund (D:5)
  Eustachio (D:4)
  A water moccasin (D:7)
  3 ice beasts
  2 sky beasts (D:7)
  A black bear (D:5)
  4 ogres
  3 centaurs
  3 lemures (D:7)
  A phantom (D:5)
  2 kobold brigands (D:7)
  A bullfrog (D:7)
  A wyvern zombie (Ossuary)
  2 necrophages
  4 scorpions
  2 water moccasin zombies (Ossuary)
  5 wights (D:8)
  5 killer bees (D:7)
  An electric eel (D:6)
  6 bullfrog zombies (Ossuary)
  3 centaur zombies (Ossuary)
  2 hounds
  3 jellies
  2 orc priests (D:7)
  Terence (D:3)
  An iguana (D:5)
  8 killer bee zombies (Ossuary)
  10 mummies
  2 howler monkey zombies (Ossuary)
  5 adders
  3 shadow imps (D:6)
  2 white imps (D:6)
  3 worms
  A dart slug (D:5)
  14 orcs
  6 endoplasms
  4 giant cockroaches
  8 goblins
  8 hobgoblins
  2 jackals (D:3)
  6 quokkas
  6 ball pythons
  3 bats (D:1)
  3 frilled lizards
  30 kobolds
  7 rats
195 creatures vanquished.

Vanquished Creatures (others)
  48 plants
  5 withered plants (Ossuary)
53 creatures vanquished.

Grand Total: 248 creatures vanquished

Notes
Turn   | Place    | Note
-------+----------+-------------------------------------------
     0 | D:1      | Dirtsage the Octopode Transmuter began the quest for the
                  | Orb.
     0 | D:1      | Reached XP level 1. HP: 13/13 MP: 3/3
   106 | D:1      | Reached skill level 1 in Ice Magic
   106 | D:1      | Reached XP level 2. HP: 14/18 MP: 5/5
   133 | D:1      | Learned a level 2 spell: Wereblood
   418 | D:1      | Reached XP level 3. HP: 21/23 MP: 6/6
  1403 | D:2      | Found an ornate altar of the Wu Jian Council.
  1691 | D:2      | Reached XP level 4. HP: 28/28 MP: 3/7
  1699 | D:2      | Learned a level 4 spell: Ice Form
  2411 | D:3      | Noticed Terence
  2436 | D:3      | Killed Terence
  2548 | D:4      | Noticed a scorpion
  2562 | D:4      | Killed a scorpion
  2563 | D:4      | Reached XP level 5. HP: 33/33 MP: 4/8
  2600 | D:4      | Noticed Eustachio
  2625 | D:4      | Killed Eustachio
  2626 | D:4      | Reached XP level 6. HP: 35/38 MP: 6/9
  2818 | D:4      | Reached skill level 5 in Transmutations
  2955 | D:4      | Reached XP level 7. HP: 28/43 MP: 5/10
  3052 | D:4      | Found a staircase to the Ecumenical Temple.
  3080 | Temple   | Entered the Ecumenical Temple
  3258 | D:4      | Reached skill level 5 in Ice Magic
  3573 | D:5      | Entered Level 5 of the Dungeon
  3656 | D:5      | Found a runed translucent door.
  3657 | D:5      | Noticed Crazy Yiuf
  3993 | D:5      | Noticed Sigmund
  3998 | D:5      | Killed Sigmund
  3999 | D:5      | Reached skill level 1 in Invocations
  4005 | D:5      | Reached XP level 8. HP: 40/48 MP: 7/11
  4859 | D:6      | Identified the +1 plate armour of Xaogoq {rPois rCorr Str+4
                  | Int-4}
  5677 | D:7      | Reached XP level 9. HP: 56/56 MP: 12/12
  5738 | D:7      | Noticed Joseph
  5751 | D:7      | Killed Joseph
  6169 | D:7      | Reached skill level 5 in Unarmed Combat
  6305 | D:7      | Noticed Pikel
  6312 | D:7      | Killed Pikel
  6313 | D:7      | Reached skill level 5 in Invocations
  6313 | D:7      | Reached XP level 10. HP: 65/65 MP: 14/14
  6324 | D:7      | Learned a level 3 spell: Hailstorm
  6353 | D:7      | Found a transporter.
  6357 | D:7      | Noticed Anon1729's ghost (novice MfMo)
  6376 | D:7      | Found a transporter.
  6378 | D:7      | Noticed a moth of wrath
  7049 | D:8      | Noticed a brown ugly thing
  7155 | D:8      | Reached skill level 1 in Evocations
  7159 | D:8      | Reached skill level 5 in Fighting
  7263 | D:8      | Found a sand-covered staircase.
  7276 | Ossuary  | Entered an ossuary
  7917 | D:8      | Noticed a catoblepas
  7936 | D:8      | HP: 2/80 [catoblepas (11)]
  7940 | D:8      | Killed a catoblepas
  8388 | D:8      | Killed from afar by an efreet

Illustrated notes

Levels and vault maps discovered:
D:1:      roderic_chinese_lattice_arrival, layout_basic
D:2:      layout_basic, basic_altar, minmay_goblin_kobold_house
D:3:      layout_loops_ring, uniq_terence
D:4:      minmay_general_purpose_star, layout_rooms,
          minmay_temple_entry_poolview, uniq_eustachio
D:5:      layout_basic, kennysheep_generic_room_12, uniq_sigmund,
          uniq_crazy_yiuf_cottage
D:6:      layout_cave_pools, serial_bayou, serial_bayou_shore_a,
          serial_bayou_lagoon_b, serial_bayou_lagoon_a, serial_bayou_pond_c
D:7:      kennysheep_kobold_camp, layout_basic,
          gammafunk_ghost_berserking_beasts, uniq_joseph, uniq_pikel
D:8:      minmay_curly_fans, layout_basic, hangedman_ru_absence, enter_bailey_6,
          gup_ossuary_entry_pyramid
Temple:   nicolae_temple_superstar

Skill      XL: |  1  2  3  4  5  6  7  8  9 10 |
---------------+-------------------------------+-----
Ice Magic      | 1 2 3 4 5 6 8 |  8.0
Transmutations | 3 4 5 6 7 8 |  8.0
Invocations    | 1 3 5 |  5.7
Fighting       | 3 4 5 |  5.9
Unarmed Combat | 4 5 7 |  7.0
Evocations     | 3 |  3.6
Dodging        | |  2.0
Spellcasting   | |  2.0

Action                     |  1- 3 |  4- 6 |  7- 9 | 10-12 || total
---------------------------+-------+-------+-------+-------++-------
  Melee: Unarmed           |    78 |    74 |   248 |   203 ||   603
         Constrict         |    28 |    10 |     7 |     1 ||    46
         Kick              |    13 |     9 |       |     1 ||    23
         Tentacles         |    18 |     4 |     4 |     1 ||    27
         Punch             |       |     1 |     1 |     1 ||     3
   Cast: Beastly Appendage |    12 |     6 |       |     1 ||    19
         Wereblood         |     2 |     2 |     7 |     4 ||    15
         Ice Form          |       |     4 |    23 |    15 ||    42
  Evoke: Wand              |       |       |       |     1 ||     1
    Use: Potion            |       |     1 |       |     1 ||     2
         Scroll            |       |       |     6 |     1 ||     7
   Stab: Sleeping          |     7 |     2 |     1 |       ||    10
 Armour: Skin              |     9 |    22 |    85 |    96 ||   212
  Dodge: Dodged            |    34 |    21 |    80 |    99 ||   234

Table legend: (Time is in decaauts)
 A = Elapsed time spent in this place.
 B = Non-inter-level travel time spent in this place.
 C = Inter-level travel time spent in this place.
 D = Time resting spent in this place.
 E = Time spent auto-exploring this place.
 F = Levels seen in this place.
 G = Mean time per level.
                   A        B        C        D        E       F      G
               +--------+--------+--------+--------+--------+-----+--------+
         Total |   8345 |   7958 |    387 |    118 |   6342 |  10 |  834.5 |
       Dungeon |   7623 |   7243 |    380 |    118 |   5880 |   8 |  952.9 |
        Temple |    119 |    112 |      7 |      0 |     72 |   1 |  119.0 |
       Ossuary |    602 |    602 |      0 |      0 |    390 |   1 |  602.0 |
               +--------+--------+--------+--------+--------+-----+--------+

Top non-repeatable levels by time:
     D:7: 1422 daAuts
     D:1: 1202 daAuts
     D:5: 1139 daAuts
     D:6: 948 daAuts
     D:4: 906 daAuts
     D:3: 714 daAuts
     D:8: 671 daAuts
     D:2: 619 daAuts
 Ossuary: 602 daAuts
  Temple: 119 daAuts
